 Dungeon Crawl Stone Soup version 0.22.0-2-ge58baed0e8 (webtiles) character file.

117 IceCat the Shield-Bearer (level 5, -1/41 HPs)
             Began as a Formicid Fighter on Aug 13, 2018.
             Slain by a gnoll
             ... wielding a +0 halberd
              (3 damage)
             ... on level 3 of the Dungeon.
             The game lasted 00:05:29 (1944 turns).

IceCat the Shield-Bearer (Formicid Fighter)         Turns: 1944, Time: 00:05:30

Health: -1/41      AC:  7    Str: 21    XL:     5   Next: 22%
Magic:  5/5        EV:  8    Int:  8    God:
Gold:   91         SH:  9    Dex: 10    Spells: 4/4 levels left

rFire    . . .     SeeInvis +   a - +0 war axe
rCold    . . .     Gourm    .   c - +0 shield
rNeg     . . .     Faith    .   b - +0 scale mail
rPois    .         Spirit   .   (helmet unavailable)
rElec    .         Reflect  .   (no cloak)
rCorr    .         Harm     .   (no gloves)
MR       .....                  (no boots)
Stlth    ..........             (no amulet)
HPRegen  0.13/turn              (no ring)
MPRegen  0.09/turn              (no ring)

@: no status effects
A: permanent stasis, dig shafts and tunnels, four strong arms, antennae 3
a: Dig, Shaft Self


You were on level 3 of the Dungeon.
You were hungry.

You visited 1 branch of the dungeon, and saw 3 of its levels.

You collected 91 gold pieces.

Inventory:

Hand Weapons
 a - a +0 war axe (weapon)
Armour
 b - a +0 scale mail (worn)
 c - a +0 shield (worn)
Jewellery
 j - an uncursed ring of wizardry {unknown}
Scrolls
 e - 7 scrolls of remove curse {unknown}
 g - 5 scrolls of identify {unknown}
Potions
 d - a potion of might
 i - a potion of curing
 k - a potion of heal wounds {unknown}
Comestibles
 f - 3 rations


   Skills:
 + Level 3.5 Fighting
 * Level 3.4 Axes
 + Level 3.9 Armour
 + Level 0.6 Dodging
 * Level 4.7 Shields


You had 4 spell levels left.
You didn't know any spells.
Your spell library was empty.

Dungeon Overview and Level Annotations

Branches:
Dungeon (3/15)

Altars:
Ru

Annotations:
D:2 1 runed door


Innate Abilities, Weirdness & Mutations

You cannot be hasted, slowed, berserked, paralysed or teleported.
You can dig through walls and to a lower floor.
Your four strong arms can wield two-handed weapons with a shield.
You have a pair of large antennae on your head. (SInv)


Message History

* * * LOW HITPOINT WARNING * * *
You hit the gnoll but do no damage. The gnoll hits you but does no damage.
You block the gnoll's attack.
You barely miss the gnoll.
The gnoll hits you from afar with a spear.
* * * LOW HITPOINT WARNING * * *
You block the gnoll's attack.
You closely miss the gnoll.
The gnoll hits you from afar with a spear.
* * * LOW HITPOINT WARNING * * *
The gnoll hits you with a halberd.
* * * LOW HITPOINT WARNING * * *
The gnoll barely misses you. The gnoll hits you but does no damage.
It was a potion of curing.
You feel better.
The gnoll hits you from afar with a halberd!
* * * LOW HITPOINT WARNING * * *
It was a potion of cancellation.
You feel magically purged.
The gnoll hits you from afar with a halberd.
You die...

####### ......#
..)...##############
.............gg.@..#
..........##########
......##..#
......##..#
......##gg#
......##..#
......##..#
..........#
..........#


You could see 2 gnolls.

Vanquished Creatures
  2 gnolls (D:3)
  An adder (D:2)
  2 worms (D:2)
  2 dart slugs (D:1)
  3 leopard geckos
  4 orcs (D:3)
  2 giant cockroaches (D:2)
  5 goblins
  9 hobgoblins
  6 jackals (D:1)
  A quokka (D:2)
  5 bats
  7 frilled lizards
  13 kobolds
  9 rats
71 creatures vanquished.

Notes
Turn   | Place    | Note
-------+----------+-------------------------------------------
     0 | D:1      | IceCat the Formicid Fighter began the quest for the Orb.
     0 | D:1      | Reached XP level 1. HP: 18/18 MP: 1/1
    26 | D:1      | Reached skill level 4 in Shields
    26 | D:1      | Reached XP level 2. HP: 21/24 MP: 2/2
   252 | D:1      | Reached XP level 3. HP: 9/29 MP: 3/3
  1029 | D:2      | Found a sacrificial altar of Ru.
  1038 | D:2      | Reached XP level 4. HP: 35/35 MP: 4/4
  1441 | D:2      | Found a runed door.
  1896 | D:3      | Reached XP level 5. HP: 37/41 MP: 5/5
  1937 | D:3      | HP: 1/41 [gnoll/halberd (4)]
  1943 | D:3      | HP: 2/41 [gnoll/halberd (10)]
  1944 | D:3      | Slain by a gnoll

Skill      XL: |  1  2  3  4 |
---------------+-------------+-----
Shields        | 4 |  4.7
Axes           | 3 |  3.4
Fighting       | |  3.5
Armour         | |  3.9
Dodging        | |  0.6

Action                   |  1- 3 |  4- 6 || total
-------------------------+-------+-------++-------
Melee: War axe           |   109 |   127 ||   236
  Use: Potion            |       |     2 ||     2
  Eat: Chunk             |       |     3 ||     3
Armor: Scale mail        |    47 |    61 ||   108
Dodge: Dodged            |    41 |    57 ||    98
Block: Shield            |    69 |    93 ||   162
